 Dungeon Crawl Stone Soup version 0.28-a0-850-g09de17f5b5 (webtiles) character file.

Game seed: 8993747370268800318

33 marklar909 the Skirmisher (level 3, 0/31 HPs)
             Began as a Palentonga Fighter on Nov 13, 2021.
             Slain by a hobgoblin (2 damage)
             ... led by Robin
             ... on level 1 of the Dungeon.
             The game lasted 00:01:04 (1383 turns).

marklar909 the Skirmisher (Palentonga Fighter)      Turns: 1383, Time: 00:01:04

Health: 0/31       AC:  6    Str: 20    XL:     3   Next: 12%
Magic:  3/3        EV:  7    Int:  8    God:
Gold:   13         SH:  4    Dex:  9    Spells: 2/2 levels left

rFire   . . .      SeeInvis +   a - +0 flail
rCold   . . .      Faith    .   c - +0 buckler
rNeg    . . .      Spirit   .   b - +0 scale mail
rPois   .          Reflect  .   (no helmet)
rElec   .          Harm     .   (no cloak)
rCorr   .          Rampage  .   (no gloves)
Will    .....                   (no barding)
Stlth   ..........              (no amulet)
HPRegen 0.10/turn               (no ring)
MPRegen 0.08/turn               (no ring)

@: no status effects
A: large, rugged brown scales 3, see invisible, deformed body, roll 1, armoured
tail
a: Rolling Charge


You were on level 1 of the Dungeon.
You visited 1 branch of the dungeon, and saw 2 of its levels.

You collected 13 gold pieces.

Inventory:

Hand Weapons
 a - a +0 flail (weapon)
Armour
 b - a +0 scale mail (worn)
 c - a +0 buckler (worn)
Scrolls
 e - a scroll of teleportation {unknown}
 h - a scroll of identify {unknown}
Potions
 d - a potion of might
 f - a potion of mutation {unknown}
 g - a potion of haste {unknown}
 i - a potion of magic {unknown}
 j - a potion of brilliance {unknown}


   Skills:
 + Level 3.3 Fighting
 + Level 2.2 Maces & Flails
 + Level 2.7 Armour
 + Level 2.9 Shields


You had 2 spell levels left.
You didn't know any spells.
Your spell library was empty.

Dungeon Overview and Level Annotations

Branches:
Dungeon (2/15)

Altars:


Innate Abilities, Weirdness & Mutations

You are completely covered in rugged brown scales. (AC +3, +7% HP)
You have supernaturally acute eyesight. (SInv)
Armour fits poorly on your strangely shaped body.
You can roll at nearby foes to attack.
You have a long armoured tail.


Message History

The endoplasm freezes you.
You are frozen.
The goblin hits you but does no damage.
You closely miss the goblin. You block the endoplasm's attack.
The goblin hits you but does no damage. You block the goblin's attack.
The endoplasm hits you but does no damage.
You barely miss the goblin. You tail-slap the goblin.
You kill the goblin!
The goblin hits you but does no damage.
The endoplasm hits you but does no damage.
Your scale mail prevents you from hitting the endoplasm.
You block the goblin's attack. The hobgoblin hits you.
The endoplasm freezes you.
You are frozen.
The goblin hits you with a +0 club.
You hit the endoplasm.
The endoplasm is almost dead.
The hobgoblin barely misses you. The endoplasm freezes you.
You are frozen.
The goblin hits you but does no damage. The hobgoblin hits you.
You thump the endoplasm!
You kill the endoplasm!
The goblin hits you with a +0 club. The hobgoblin hits you.
You are too injured to fight recklessly!
The goblin hits you but does no damage. The hobgoblin completely misses you.
You climb upwards.
There is a stone staircase leading down here.
You closely miss the hobgoblin. The goblin barely misses you.
The hobgoblin hits you.
* * * LOW HITPOINT WARNING * * *
You closely miss the goblin. The goblin hits you but does no damage.
The hobgoblin closely misses you. The goblin hits you but does no damage.
The goblin hits you with a +0 club.
* * * LOW HITPOINT WARNING * * *
You see here a +0 club.
The hobgoblin hits you.
* * * LOW HITPOINT WARNING * * *
You hit the hobgoblin but do no damage. The hobgoblin hits you.
* * * LOW HITPOINT WARNING * * *
Your scale mail prevents you from hitting the hobgoblin.
The hobgoblin hits you.
You die...

.#.#.........# #.#.####
.##..#.......# #......#
.#..##.#...### ###.##.#
##..##.#...# ###.##.#
##..##.##.## #...##.# #...#.##.#
#.####.# ##......#.#
#########'####.# ....###.#.#
#..)..#...).##.# ....# #.#.#
#@#####.....##.### ##.## #.#.#
#g# #.....##.... #.####.#.# ###g#
#.....##.### #........#
#..######.#.#.######
######.#.####>.#......#.#......#
#.#.#.....#....##8.8##....#
#######.#.#.##..'...............'
........#...##..#....##8.8##....#
#########.#.###.#......#.#......#


You could see a hobgoblin and a goblin.

Vanquished Creatures
  Robin (D:1)
  3 endoplasms
  8 goblins
  4 hobgoblins
  A ball python (D:1)
  A kobold (D:1)
  2 rats (D:1)
20 creatures vanquished.

Notes
Turn   | Place    | Note
-------+----------+-------------------------------------------
     0 | D:1      | marklar909 the Palentonga Fighter began the quest for the
                  | Orb.
     0 | D:1      | Reached XP level 1. HP: 19/19 MP: 1/1
   561 | D:1      | Found a faded altar of an unknown god.
   782 | D:2      | Noticed Robin
   785 | D:2      | Reached XP level 2. HP: 25/25 MP: 2/2
  1208 | D:1      | Killed Robin
  1219 | D:1      | Reached XP level 3. HP: 17/31 MP: 3/3
  1383 | D:1      | Slain by a hobgoblin

Illustrated notes

Levels and vault maps discovered:
D:1:      psy_arrival_dodecagon, layout_loops_ring,
          shapermc_ecumenical_altar_pompeii, serial_park_tiny_2,
          kennysheep_minor_cross, hangedman_decor_clover_reticule
D:2:      layout_loops_corners, uniq_natasha, uniq_robin, uniq_sigmund

Action                   || total
-------------------------++-------
Melee: Flail             ||    60
       Tailslap          ||     5
Armor: Scale mail        ||    49
Dodge: Dodged            ||    26
Block: Buckler           ||    13

Table legend: (Time is in decaauts)
 A = Elapsed time spent in this place.
 B = Non-inter-level travel time spent in this place.
 C = Inter-level travel time spent in this place.
 D = Time resting spent in this place.
 E = Time spent auto-exploring this place.
 F = Levels seen in this place.
 G = Mean time per level.
                   A        B        C        D        E       F      G
               +--------+--------+--------+--------+--------+-----+--------+
         Total |   1402 |   1358 |     44 |    511 |    699 |   2 |  701.0 |
       Dungeon |   1402 |   1358 |     44 |    511 |    699 |   2 |  701.0 |
               +--------+--------+--------+--------+--------+-----+--------+

Top non-repeatable levels by time:
     D:1: 1374 daAuts
     D:2: 28 daAuts
